Map: Catalyst LE

Players

BackupJ (Kas) - Winner!

  • Race: Terran Terran
  • Spawn Location: 5:00

Abyss

  • Race: Protoss Protoss
  • Spawn Location: 11:00

Event: WCS Leipzig 2018

VOD

Have the link to the VOD?

Description

Time

  • Played on: Jan. 26, 2018, 7:59 a.m.
  • Length: 8:24

All games in this series

Show
View Real Time Build Order
Export as new Build Order

BackupJ Terran - Winner!

Build Orders: Gas First Reaper Expand, Liberator Opening, Reaper Expand 

Get SALT Encoding   

  12  0:00  SCV  
  13  0:12  SCV  
  14  0:17  Supply Depot  
  14  0:25  SCV  
  14  0:27  Refinery  
  15  0:38  SCV  
  16  0:44  Barracks  
  16  0:51  SCV  
  17  1:03  SCV  
  18  1:15  SCV  
  19  1:31  Orbital Command, Reaper  
  20  1:43  Command Center  
  20  1:54  Factory  
  20  1:58  SCV  
  21  2:06  Refinery  
  21  2:08  Barracks Reactor  
  21  2:15  Supply Depot  
  21  2:17  SCV  
  22  2:29  SCV  
  23  2:43  Starport  
  23  2:51  SCV  
  24  3:00  Hellion, Orbital Command  
  24  3:01  Hellion  
  24  3:04  SCV  
  28  3:08  Liberator  
  28  3:09  Barracks Tech Lab  
  28  3:18  SCV  
  29  3:21  Hellion  
  29  3:22  Hellion  
  36  3:27  SCV  
  36  3:30  SCV  
  36  3:31  Marine  
  39  3:37  Supply Depot  
  39  3:39  SCV  
  40  3:42  SCV  
  41  3:52  SCV  
  41  3:54  Siege Tank  
  45  4:00  Marine x2  
  45  4:02  SCV  
  48  4:04  SCV  
  48  4:08  Viking  
  51  4:12  Supply Depot  
  51  4:14  SCV  
  51  4:16  Bunker, SCV  
  53  4:17  Marine  
  54  4:24  Marine  
  54  4:26  SCV  
  54  4:33  SCV, Siege Tank  
  54  4:35  Marine  
  57  4:42  Marine  
  57  4:44  SCV  
  55  4:48  SCV  
  55  4:49  Bunker  
  55  4:50  Barracks  
  56  4:55  Refinery, Marine  
  56  4:56  SCV  
  58  5:02  Supply Depot  
  58  5:03  SCV  
  58  5:06  Siege Tank  
  62  5:14  Starport Tech Lab  
  62  5:16  Barracks  
  62  5:20  Supply Depot  
  62  5:23  SCV x2, Marine  
  62  5:24  Supply Depot  
  65  5:31  Marine  
  67  5:35  SCV  
  67  5:38  Siege Tank  
  67  5:39  Engineering Bay  
  67  5:41  Marine  
  67  5:42  SCV, Starport Reactor  
  72  5:45  Marauder, Stimpack  
  72  5:49  Supply Depot, Marine  
  75  5:51  SCV  
  75  5:54  SCV  
  77  5:57  Refinery  
  77  5:59  Marine  
  77  6:04  Barracks Tech Lab  
  75  6:06  Marine  
  75  6:07  Marauder  
  75  6:08  Terran Infantry Weapons Level 1  
  78  6:17  Marine  
  72  6:22  Reaper  
  70  6:28  Marauder  
  66  6:36  Marine x2  
  66  6:38  Medivac x2  
  72  6:40  SCV  
  72  6:42  SCV  
  72  6:49  Marauder  
  72  6:50  Supply Depot  
  74  6:54  Marauder  
  76  7:01  Marine  
  76  7:02  Marine, Barracks  
  76  7:03  SCV, Barracks  
  76  7:05  Factory Reactor  
  79  7:11  Marauder  
  81  7:16  Supply Depot  
  81  7:17  Supply Depot  
  81  7:18  Marauder  
  81  7:19  Marine x2  
  85  7:23  SCV  
  85  7:28  Medivac  
  85  7:29  Medivac  
  90  7:30  Missile Turret  
  90  7:31  Supply Depot  
  90  7:32  Marauder  
  90  7:33  Supply Depot  
  92  7:38  SCV, Marine x2  
  92  7:39  Marauder  
  99  7:51  Marauder  
  99  7:54  Marauder  
  99  7:56  Barracks Reactor  
  99  7:57  Widow Mine x2, Marine  
  106  8:03  Marine  
Show
View Real Time Build Order
Export as new Build Order

Abyss Protoss 

Build Orders: 1 Gate Expand 

Get SALT Encoding   

  12  0:00  Probe  
  13  0:12  Probe  
  14  0:20  Pylon  
  14  0:24  Probe  
  15  0:38  Probe  
  15  0:39  Gateway  
  16  0:50  Probe  
  17  1:11  Nexus  
  17  1:13  Probe  
  18  1:20  Assimilator  
  18  1:29  Cybernetics Core  
  18  1:32  Probe  
  19  1:45  Probe  
  19  1:46  Assimilator  
  20  1:48  Pylon  
  20  1:52  Warp Gate (Chrono Boost)  
  20  1:57  Probe  
  21  2:11  Adept (Chrono Boost)  
  23  2:16  Probe  
  24  2:23  Probe  
  24  2:27  Pylon  
  24  2:28  Probe  
  24  2:29  Adept  
  26  2:35  Probe  
  26  3:01  Probe x2  
  28  3:06  Twilight Council  
  28  3:08  Robotics Facility  
  28  3:13  Probe x2  
  30  3:22  Gateway  
  30  3:25  Probe  
  31  3:29  Gateway  
  31  3:31  Probe  
  32  3:45  Probe x2  
  32  3:48  Adept  
  36  3:54  Shield Battery  
  36  3:56  Resonating Glaives (Chrono Boost)  
  36  3:57  Probe x2  
  38  4:09  Probe  
  39  4:10  Adept  
  39  4:16  Adept  
  43  4:19  Probe  
  43  4:24  Gateway  
  44  4:25  Gateway  
  33  4:40  Probe (Chrono Boost)  
  33  4:43  Warp Prism (Chrono Boost)  
  34  4:46  Probe (Chrono Boost)  
  34  4:50  Probe (Chrono Boost)  
  37  4:54  Probe (Chrono Boost)  
  37  4:55  Probe (Chrono Boost)  
  37  4:56  Stalker  
  37  5:18  Probe  
  37  5:19  Probe  
  39  5:28  Adept x3  
  43  5:31  Probe  
  46  5:36  Probe  
  47  5:43  Probe, Stalker  
  43  6:02  Adept x2  
  43  6:23  Probe x2  
  41  6:30  Adept x3  
  43  6:39  Probe x2  
  33  6:53  Probe x2 (Chrono Boost)  
  35  6:57  Sentry  
  38  7:02  Probe x2 (Chrono Boost)  
  38  7:07  Probe x2 (Chrono Boost)  
  41  7:19  Probe x2 (Chrono Boost)  
  43  7:23  Adept x3  
  43  7:26  Adept  
  43  7:29  Probe (Chrono Boost)  
  53  7:30  Probe (Chrono Boost)  
  53  7:34  Probe (Chrono Boost)  
  54  7:41  Pylon  
  54  7:51  Pylon  
  54  7:59  Probe x2, Adept  
  54  8:00  Adept x2  
  54  8:04  Adept  
Tags
 
Add a new tag
Caveats
  • Supply blocks, unpowered buildings, or Contaminate may cause inaccurate times.
  • Supply counts are checked every 10 seconds.